 Dungeon Crawl Stone Soup version 0.26-a0-540-g8a0c9464d7 (webtiles) character file.

Game seed: 2792718579733686329

7789 Ge0ff the Covert (level 11, -8/70 HPs)
             Began as a Human Enchanter on Aug 15, 2020.
             Was a Priest of Vehumet.
             Mangled by a two-headed ogre
             ... wielding a +0 giant club
              (28 damage)
             ... on level 10 of the Dungeon.
             The game lasted 00:36:45 (13041 turns).

Ge0ff the Covert (Human Enchanter)                 Turns: 13041, Time: 00:36:46

Health: -8/70      AC:  4    Str:  8    XL:     11   Next: 43%
Magic:  12/16      EV: 13    Int: 25    God:    Vehumet [***...]
Gold:   716        SH:  0    Dex: 14    Spells: 11/17 levels left

rFire    + . .     SeeInvis .   a - +6 dagger (flame)
rCold    + . .     Faith    .   (no shield)
rNeg     . . .     Spirit   .   X - +0 robe
rPois    .         Reflect  .   (no helmet)
rElec    .         Harm     .   A - scarf {rC+ rF+}
rCorr    .                      (no gloves)
MR       .....                  j - +1 pair of boots
Stlth    ++++......             (no amulet)
HPRegen  0.21/turn              V - +6 ring of intelligence {=R}
MPRegen  0.15/turn              K - +4 ring of slaying

@: no status effects
A: no striking features
a: Renounce Religion


You were on level 10 of the Dungeon.
You worshipped Vehumet.
Vehumet was most pleased with you.
You visited 2 branches of the dungeon, and saw 11 of its levels.
You also visited: Ossuary.

You collected 730 gold pieces.
You spent 14 gold pieces at shops.

Inventory:

Hand Weapons
 a - a +6 dagger of flaming (weapon)
 b - a +0 long sword
 h - a +1 whip of electrocution {don't train}
 F - a +0 scimitar
 G - a +2 dagger of draining
 P - a +0 rapier
Missiles
 d - 2 atropa-tipped darts {don't train}
 g - 2 throwing nets {don't train=f}
 o - 5 javelins {don't train}
 H - 81 poisoned darts {don't train}
 R - 332 stones (quivered) {don't train}
Armour
 j - a +1 pair of boots (worn)
 A - a scarf of resistance (worn)
 S - a +0 cloak
 X - a +0 robe (worn)
Jewellery
 D - an uncursed ring of wizardry
 K - a +4 ring of slaying (right hand)
 V - a +6 ring of intelligence (left hand) {=R}
Wands
 k - a wand of iceblast (4)
Scrolls
 l - 2 scrolls of noise
 m - 3 scrolls of magic mapping
 y - 2 scrolls of immolation
 B - a scroll of fear {unknown}
 C - 9 scrolls of remove curse
 E - a scroll of amnesia
 T - 6 scrolls of teleportation
 Y - 4 scrolls of enchant armour
Potions
 n - 2 potions of flight {unknown}
 q - 9 potions of curing
 z - 2 potions of brilliance
 I - a potion of heal wounds {unknown}
 J - a potion of resistance {unknown}
 L - a potion of lignification
 M - 3 potions of haste {!q}
 N - 3 potions of invisibility {unknown}
 Q - 7 potions of might {unknown}
 U - 3 potions of mutation {unknown}
 W - 2 potions of degeneration {unknown}
 Z - 3 potions of berserk rage {unknown}
Miscellaneous
 O - a box of beasts (inert)


   Skills:
 - Level 1.0 Fighting
 * Level 8.8 Short Blades
 - Level 3.0 Dodging
 * Level 10.0 Stealth
 + Level 3.5 Spellcasting
 + Level 8.1 Hexes
 - Level 7.0 Ice Magic
 - Level 2.0 Earth Magic
 + Level 2.5 Evocations


You had 11 spell levels left.
You knew the following spells:

 Your Spells              Type           Power        Failure   Level
k - Ensorcelled Hibernat  Hex/Ice        #####.       1%          2
m - Sandblast             Erth           ##....       1%          1
t - Confusing Touch       Hex            #####...     1%          3

Your spell library contained the following spells:

 Spells                   Type           Power        Failure   Level
 Static Discharge         Conj/Air       #.......     8%          3
 Corona                   Hex            #####..      1%          1
 Dazzling Flash           Conj/Hex       ###...       1%          3
 Tukima's Dance           Hex            #####...     1%          3
 Magic Dart               Conj           #...         2%          1
 Searing Ray              Conj           #.....       4%          2
 Summon Guardian Golem    Hex/Summ       ###.....     5%          3
 Fulminant Prism          Conj/Hex       ###.......   5%          4
 Animate Skeleton         Necr           #.....       10%         1
 Pain                     Necr           #...         10%         1
 Summon Small Mammal      Summ           #...         10%         1
 Metabolic Englaciation   Hex/Ice        #####.....   12%         5
 Yara's Violent Unravell  Hex/Tmut       ###.......   13%         5
 Call Imp                 Summ           #.......     14%         2
 Summon Ice Beast         Ice/Summ       ###.....     22%         4
 Iskenderun's Mystic Bla  Conj/Tloc      #.......     24%         4
 Call Canine Familiar     Summ           #.......     28%         3
 Gell's Gravitas          Tloc           #.........   28%         3
 Vampiric Draining        Necr           #.........   28%         3
 Petrify                  Tmut/Erth      #.......     54%         4
 Animate Dead             Necr           #.........   67%         4
 Summon Lightning Spire   Summ/Air       #.......     67%         4
 Agony                    Necr           #.......     95%         5


Dungeon Overview and Level Annotations

Branches:
Dungeon (10/15)            Temple (1/1) D:5            Lair (0/6) D:8
    Orc (0/2) D:9         Ossuary (visited)

Altars:
Ashenzari
Cheibriados
Dithmenos
Elyvilon
Fedhas
Gozag
Hepliaklqana
Kikubaaqudgha
Makhleb
Nemelex Xobeh
Okawaru
Qazlal
Ru
Sif Muna
Trog
Uskayaw
Vehumet
Wu Jian
Xom
Yredelemnul
Zin
The Shining One

Shops:
D:5 ?   D:8 *   D:10 (

Annotations:
D:4 Eustachio
D:8 (art hat), exclusion: wizard
D:9 exclusion: oklob plant


Message History

Your larval oxfire beast's corpse disappears in a puff of smoke!
The two-headed ogre shouts in stereo!
You hit the two-headed ogre but do no damage.
The two-headed ogre is severely wounded.
Casting: Ensorcelled Hibernation (safe; 1% risk of failure)
Confirm with . or Enter, or press ? or * to list all spells.
Aiming: Ensorcelled Hibernation (safe; 1% risk of failure)
Press: ? - help, Shift-Dir - straight line, f/p - two-headed ogre
Aim: a two-headed ogre, wielding two +0 giant clubs (severely wounded, chance to defeat MR: 50%)
The two-headed ogre resists with some effort.
The two-headed ogre hits you with a +0 giant club!! x2
* * * LOW HITPOINT WARNING * * *
Casting: Ensorcelled Hibernation (safe; 1% risk of failure)
Confirm with . or Enter, or press ? or * to list all spells.
Aiming: Ensorcelled Hibernation (safe; 1% risk of failure)
Press: ? - help, Shift-Dir - straight line, f/p - two-headed ogre
Aim: a two-headed ogre, wielding two +0 giant clubs (severely wounded, chance to defeat MR: 50%)
The two-headed ogre resists with some effort.
The two-headed ogre hits you with a +0 giant club!!
You die...

...(....# #.....#
........# #.....#
#.......# #.....####
#.......# #.........
#....J..# #......###
#.......# ####......#
#.....J†# #.........#
#.......######.........#
#.......O@.............#
#..$...............>...#
################.......#
#########


You could see a two-headed ogre and a jelly.

Vanquished Creatures
  Harold (D:7)
  A two-headed ogre (D:10)
  Nergalle (D:10)
  Pikel (D:3)
  A slime creature (D:6)
  3 hippogriffs
  Sigmund (D:6)
  4 yaks
  A warg (D:8)
  A water moccasin (D:8)
  Duvessa (D:6)
  An ice beast (D:9)
  3 orc warriors
  A phantom (D:9)
  A sky beast (D:9)
  9 ogres
  A crocodile (D:9)
  2 lemures
  6 bullfrogs
  Dowan (D:6)
  A scorpion (D:9)
  4 wights
  3 howler monkeys
  2 human zombies (Ossuary)
  4 bullfrog zombies
  4 centaur zombies
  3 hounds
  5 jellies
  8 orc wizards
  2 bullfrog skeletons (D:9)
  7 orc priests
  4 centaur skeletons
  An iguana (D:10)
  3 worker ants
  A statue (D:6)
  2 mummies (Ossuary)
  7 gnolls
  A river rat (D:4)
  9 adders
  2 shadow imps
  2 white imps
  2 ufetubi
  21 oozes
  3 adder zombies
  An adder skeleton (D:7)
  2 worms
  A dart slug (D:3)
  9 leopard geckos
  42 orcs
  3 ball pythons
  12 bats
  6 giant cockroaches
  8 goblins
  5 hobgoblins
  10 jackals
  5 kobolds
  2 quokkas
  3 frilled lizards
  2 goblin zombies (Ossuary)
  7 hobgoblin zombies (Ossuary)
  8 kobold zombies (Ossuary)
  10 orc zombies (Ossuary)
  3 rats
  A rat zombie (Ossuary)
  A plant (D:9)
283 creatures vanquished.

Vanquished Creatures (collateral kills)
  An adder zombie (Ossuary)
1 creature vanquished.

Vanquished Creatures (others)
  2 centaur zombies (Ossuary)
  3 fungi (D:6)
5 creatures vanquished.

Grand Total: 289 creatures vanquished

Notes
Turn   | Place    | Note
-------+----------+-------------------------------------------
     0 | D:1      | Ge0ff the Human Enchanter began the quest for the Orb.
     0 | D:1      | Reached XP level 1. HP: 13/13 MP: 3/3
   111 | D:1      | Reached XP level 2. HP: 19/19 MP: 0/5
   604 | D:1      | Reached XP level 3. HP: 21/24 MP: 6/6
   742 | D:2      | Learned a level 2 spell: Ensorcelled Hibernation
  1267 | D:2      | Reached XP level 4. HP: 26/31 MP: 7/7
  1572 | D:2      | Reached skill level 1 in Ice Magic
  1641 | D:2      | Found a glowing golden altar of the Shining One.
  1844 | D:2      | Found a sparkling altar of Nemelex Xobeh.
  2267 | D:3      | Reached XP level 5. HP: 33/36 MP: 8/8
  2380 | D:3      | Reached skill level 1 in Fighting
  2786 | D:3      | Found a faded altar of an unknown god.
  3008 | D:4      | Found a sand-covered staircase.
  3013 | Ossuary  | Entered an ossuary
  3045 | Ossuary  | Learned a level 3 spell: Confusing Touch
  3286 | Ossuary  | Reached XP level 6. HP: 43/43 MP: 9/9
  3308 | Ossuary  | Reached skill level 4 in Stealth
  4029 | D:3      | Reached XP level 7. HP: 15/48 MP: 2/10
  4397 | D:4      | Noticed Eustachio
  4475 | D:4      | Noticed Pikel
  4758 | D:3      | Killed Pikel
  4758 | D:3      | Reached skill level 5 in Hexes
  4758 | D:3      | Reached XP level 8. HP: 20/54 MP: 5/12
  5288 | D:5      | Entered Level 5 of the Dungeon
  5681 | D:5      | Reached skill level 5 in Stealth
  5963 | D:5      | Found Jeurchou's Magic Scroll Emporium.
  5972 | D:5      | Bought a scroll of random uselessness for 14 gold pieces
  5976 | D:5      | Found an opulent altar of Gozag.
  6079 | D:5      | Found a staircase to the Ecumenical Temple.
  6079 | D:5      | Noticed a hippogriff
  6086 | D:5      | Killed a hippogriff
  6086 | D:5      | Reached skill level 5 in Ice Magic
  6086 | D:5      | Reached XP level 9. HP: 59/59 MP: 10/13
  6092 | Temple   | Entered the Ecumenical Temple
  6549 | D:6      | Found a radiant altar of Vehumet.
  6847 | D:6      | Became a worshipper of Vehumet
  6855 | D:6      | Reached skill level 6 in Stealth
  6966 | D:6      | Noticed Duvessa
  6967 | D:6      | Noticed Dowan
  6979 | D:6      | Noticed Sigmund
  6980 | D:6      | Killed Duvessa
  6980 | D:6      | Reached skill level 5 in Short Blades
  7292 | D:6      | Killed Dowan
  7357 | D:6      | Killed Sigmund
  7476 | D:6      | Found a sparkling altar of Nemelex Xobeh.
  7476 | D:6      | Found a shimmering blue altar of Sif Muna.
  7550 | D:6      | Found an ornate altar of the Wu Jian Council.
  7728 | D:6      | Found a hide-covered altar of Uskayaw.
  7729 | D:6      | Noticed a +0 dagger
  7734 | D:6      | Noticed a +0 hand axe
  7896 | D:6      | Noticed a slime creature
  8066 | D:6      | Reached * piety under Vehumet
  8066 | D:6      | Offered knowledge of Sandblast by Vehumet.
  8092 | D:6      | Killed a slime creature
  8092 | D:6      | Reached skill level 7 in Stealth
  8101 | D:6      | Learned a level 1 spell: Sandblast
  8788 | D:7      | Reached skill level 1 in Earth Magic
  8976 | D:7      | Reached XP level 10. HP: 65/65 MP: 14/14
  8989 | D:7      | Noticed Harold
  8992 | D:7      | Killed Harold
  8992 | D:7      | Reached skill level 8 in Stealth
  9566 | D:8      | Found a staircase to the Lair.
  9663 | D:8      | Found Qelin's General Store.
  9729 | D:8      | Found a hazy altar of Hepliaklqana.
  9759 | D:8      | Noticed a wizard
  9889 | D:8      | Found an iron altar of Okawaru.
  9944 | D:8      | Found a basalt altar of Yredelemnul.
  9944 | D:8      | Found a sacrificial altar of Ru.
 10039 | D:8      | Offered knowledge of Searing Ray by Vehumet.
 10047 | D:8      | Reached ** piety under Vehumet
 10585 | D:9      | Found a staircase to the Orcish Mines.
 11421 | D:9      | Reached skill level 9 in Stealth
 11542 | D:9      | Found a blossoming altar of Fedhas.
 11561 | D:9      | Noticed an oklob plant
 11685 | D:9      | Reached skill level 1 in Evocations
 11685 | D:9      | Reached XP level 11. HP: 56/70 MP: 5/15
 11864 | D:9      | Found a white marble altar of Elyvilon.
 12171 | D:10     | Entered Level 10 of the Dungeon
 12242 | D:10     | Found Misiajidu's Weapon Shoppe.
 12335 | D:10     | Noticed a two-headed ogre
 12342 | D:10     | Killed a two-headed ogre
 12403 | D:10     | Offered knowledge of Static Discharge by Vehumet.
 12471 | D:10     | Noticed Nergalle
 12972 | D:10     | Killed Nergalle
 12972 | D:10     | Reached *** piety under Vehumet
 13026 | D:10     | Reached skill level 10 in Stealth
 13027 | D:10     | Noticed a two-headed ogre
 13041 | D:10     | Mangled by a two-headed ogre

Illustrated notes

Levels and vault maps discovered:
D:1:      minmay_arrival_arboretum_small, layout_rooms
D:2:      layout_loops_corners, lemuel_coloured_pillars_altar, tso_altar
D:3:      layout_rooms, chequers_ecumenical_altar_grove
D:4:      layout_basic, nicolae_ossuary_entry_false_entrances,
          gup_sewer_entry_bubbles, uniq_eustachio, uniq_pikel
D:5:      layout_rooms, grunt_gozag_statues,
          minmay_temple_entry_statues_pillars, serial_shops, shop, minivault_27
D:6:      lemuel_slime, layout_rooms, kennysheep_mini, dancing_weapons_uskayaw,
          vehumet_statue, lemuel_crystal_altar,
          nemelex_xobeh_ov_fountains_minmay, uniq_duvessa, uniq_sigmund
D:7:      layout_basic, uniq_harold
D:8:      cheibrodos_wizards_tower, layout_basic, kennysheep_mini_moat,
          gammafunk_temple_overflow_elements, okawaru_trees_2, lair_entry_dummy,
          serial_shops, shop
D:9:      layout_rooms, tgw_fedhas, marbit_many_paths, david_orc_3, wad_dig_loot
D:10:     layout_irregular_city, serial_shops, shop, roderic_roman_lattice,
          uniq_nergalle
Temple:   grunt_temple_mini_profane

Skill      XL: |  1  2  3  4  5  6  7  8  9 10 11 |
---------------+----------------------------------+-----
Short Blades   | 2 3 4 6 8 |  8.8
Ice Magic      | 1 2 3 4 5 6 7 |  7.0
Fighting       | 1 |  1.0
Stealth        | 4 5 7 9 10 | 10.0
Hexes          | 4 5 6 7 8 |  8.1
Spellcasting   | 3 |  3.5
Dodging        | 3 |  3.0
Earth Magic    | 1 2 |  2.0
Evocations     | 1 2 |  2.5

Action                   |  1- 3 |  4- 6 |  7- 9 | 10-12 || total
-------------------------+-------+-------+-------+-------++-------
Melee: Dagger            |    52 |   185 |   274 |   196 ||   707
Throw: Stone             |     9 |       |   110 |   134 ||   253
       Dart              |    16 |    17 |       |       ||    33
       Javelin           |    18 |     9 |       |       ||    27
       Boomerang         |       |    83 |    32 |       ||   115
 Cast: Corona            |     6 |       |       |       ||     6
       Ensorcelled Hiber |     1 |    14 |    77 |    44 ||   136
       Confusing Touch   |       |     2 |     4 |    10 ||    16
       Sandblast         |       |       |       |     2 ||     2
Evoke: Wand              |       |     5 |       |       ||     5
       Box of beasts     |       |       |       |     3 ||     3
  Use: Scroll            |     3 |     4 |     4 |     5 ||    16
       Potion            |       |     4 |       |     1 ||     5
 Stab: Sleeping          |     3 |     5 |    46 |    33 ||    87
       Confused          |       |     1 |     4 |     3 ||     8
       Distracted        |       |     1 |       |     2 ||     3
Armor: Robe              |    10 |    21 |    31 |    18 ||    80
       Skin              |       |    47 |       |     2 ||    49
Dodge: Dodged            |    35 |    91 |   104 |    77 ||   307

Table legend: (Time is in decaauts)
 A = Elapsed time spent in this place.
 B = Non-inter-level travel time spent in this place.
 C = Inter-level travel time spent in this place.
 D = Time resting spent in this place.
 E = Time spent auto-exploring this place.
 F = Levels seen in this place.
 G = Mean time per level.
                   A        B        C        D        E       F      G
               +--------+--------+--------+--------+--------+-----+--------+
         Total |  12983 |  12538 |    445 |    599 |   8465 |  12 | 1081.9 |
       Dungeon |  12076 |  11658 |    418 |    587 |   8027 |  10 | 1207.6 |
        Temple |    198 |    171 |     27 |      0 |    171 |   1 |  198.0 |
       Ossuary |    708 |    708 |      0 |     12 |    267 |   1 |  708.0 |
               +--------+--------+--------+--------+--------+-----+--------+

Top non-repeatable levels by time:
     D:8: 1808 daAuts
     D:6: 1452 daAuts
     D:4: 1452 daAuts
     D:2: 1389 daAuts
     D:3: 1233 daAuts
     D:7: 1162 daAuts
     D:5: 1117 daAuts
     D:9: 967 daAuts
    D:10: 757 daAuts
     D:1: 735 daAuts
 Ossuary: 708 daAuts
  Temple: 198 daAuts
